 Dungeon Crawl Stone Soup version 0.29-a0-266-gf56f883ddd (webtiles) character file.

Game seed: 4879907177362714440

14956 jt the Severer (level 11, -1/64 (87) HPs)
             Began as a Deep Dwarf Fighter on Mar 6, 2022.
             Was an Elder of Ru.
             Slain by a warg (2 damage)
             ... led by Saint Roka
             ... on level 2 of the Orcish Mines.
             The game lasted 00:39:36 (9921 turns).

jt the Severer (Deep Dwarf Fighter)                 Turns: 9921, Time: 00:39:36

HP:   -1/64 (87)    AC:  2    Str: 31    XL:     11   Next: 95%
MP:   0/0           EV:  8    Int: 13    God:    Ru [****..]
Gold: 1299          SH:  6    Dex: 16    Spells: 14/14 levels left

rFire   + . .      SeeInvis +   a - +2 broad axe
rCold   . . .      Faith    .   c - +1 buckler
rNeg    . . .      Spirit   .   V - +1 plate armour {rF+}
rPois   +          Reflect  .   (no helmet)
rElec   .          Harm     .   D - +0 cloak
rCorr   .          Rampage  .   (no gloves)
Will    +....      Rage     1%  t - +0 pair of boots
Stlth   ..........              E - amulet of magic regeneration
HPRegen 0.00/turn               y - ring of Seipoama {rPois Str+6 Int+5 Dex+4}
MPRegen 0.47/turn               d - ring of see invisible

@: exhausted, unable to drink, corroded, very heavily drained, unable to read
A: damage resistance, heal wounds, sense surroundings 2, inability to drink
while threatened, inability to read while threatened, unskilled 1, no
regeneration, berserk 1, sturdy frame 1
a: Heal Wounds, Renounce Religion, Draw Out Power, Power Leap


You were on level 2 of the Orcish Mines.
You worshipped Ru.
Ru was greatly pleased with you.
You visited 3 branches of the dungeon, and saw 13 of its levels.
You also visited: Sewer.

You collected 1459 gold pieces.
You spent 160 gold pieces at shops.

Inventory:

Hand Weapons
 a - a +2 broad axe (weapon)
 q - a +1 short sword of venom
 u - a +1 hunting sling of flaming
 A - a +4 flail
 B - a +2 whip of venom
 F - a +0 trident
 L - a +2 spear of venom
 N - a +2 hand axe of flaming
 O - a +3 morningstar
 P - a +0 hand axe of electrocution
 S - a +2 hand axe of freezing
 Y - a +0 war axe
Missiles
 i - 274 stones
 j - 10 boomerangs
 n - 16 poisoned darts (quivered)
 I - 3 javelins
Armour
 c - a +1 buckler (worn)
 t - a +0 pair of boots (worn)
 D - a +0 cloak (worn)
 M - +0 acid dragon scales
 V - a +1 plate armour of fire resistance (worn)
Magical Staves
 s - a staff of earth
 x - a staff of fire
Jewellery
 d - a ring of see invisible (right hand)
 y - the ring of Seipoama (left hand) {rPois Str+6 Int+5 Dex+4}
   (You found it on level 4 of the Dungeon)

   [ring of strength]

   Str:       It affects your strength (+6).
   Int:       It affects your intelligence (+5).
   Dex:       It affects your dexterity (+4).
   rPois:     It protects you from poison.
 z - a ring of ice
 E - an amulet of magic regeneration (around neck)
Wands
 v - a wand of iceblast (4)
 H - a wand of polymorph (21)
Scrolls
 b - a scroll of fear
 k - a scroll of teleportation
 l - 2 scrolls of fog
 p - a scroll of immolation
 r - a scroll of vulnerability
 J - 2 scrolls of amnesia
 R - a scroll of holy word
 U - a scroll of magic mapping
 X - a scroll of silence
Potions
 e - 3 potions of cancellation
 f - 2 potions of flight
 h - a potion of resistance
 m - 2 potions of brilliance
 o - 3 potions of mutation
 w - 4 potions of heal wounds
 C - 4 potions of might
 G - 2 potions of curing
 K - a potion of magic
 Q - 2 potions of haste


   Skills:
 - Level 2.4 Fighting
 + Level 17.3 Axes
 - Level 4.0 Throwing
 - Level 3.0 Armour
 - Level 5.4 Shields
 - Level 2.0 Spellcasting
 - Level 4.5 Evocations


You had 14 spell levels left.
You didn't know any spells.
Your spell library contained the following spells:

 Spells                   Type           Power      Damage    Failure   Level
 Apportation              Tloc           2%         N/A       89%         1
 Magic Dart               Conj           4%         1d3       89%         1
 Slow                     Hex            4%         N/A       89%         1
 Call Imp                 Summ           1%         N/A       96%         2
 Confusing Touch          Hex            1%         N/A       99%         3
 Conjure Flame            Conj/Fire      1%         6-21      99%         3
 Gell's Gravitas          Tloc           1%         N/A       99%         3
 Ignite Poison            Fire/Tmut/Pois 1%         N/A       99%         3
 Mephitic Cloud           Conj/Pois/Air  1%         N/A       99%         3
 Ozocubu's Armour         Ice            1%         N/A       99%         3
 Stone Arrow              Conj/Erth      2%         3d7       99%         3
 Teleport Other           Tloc           1%         N/A       99%         3
 Vampiric Draining        Necr           1%         2d6       99%         3
 Animate Armour           Summ/Erth      2%         N/A       100%        4
 Sticky Flame             Conj/Fire      1%         2d3       100%        4
 Alistair's Intoxication  Tmut/Pois      0%         N/A       100%        5
 Dispersal                Tloc           0%         N/A       100%        6
 Ozocubu's Refrigeration  Ice            0%         4d5       100%        7
 Lehudib's Crystal Spear  Conj/Erth      0%         10d2      100%        8


Dungeon Overview and Level Annotations

Branches:
Dungeon (10/15)            Temple (1/1) D:6             Orc (2/2) D:10
  Sewer (visited)
   Lair: D:8-11         Elf: Orc:2

Altars:
Ashenzari
Cheibriados
Dithmenos
Elyvilon
Fedhas
Gozag
Hepliaklqana
Kikubaaqudgha
Makhleb
Nemelex Xobeh
Okawaru
Qazlal
Ru
Sif Muna
Trog
Uskayaw
Vehumet
Wu Jian
Xom
Yredelemnul
Zin
The Shining One

Shops:
D:10 ?:(*[   Orc:1 :

Annotations:
D:3 3 runed translucent doors, Crownlay's ghost, weakling GrEE
D:7 2 transporters, kr3s1m1r's ghost, novice DjCj
Orc:1 Saint Roka


Innate Abilities, Weirdness & Mutations

You are resistant to damage.
You can heal yourself by infusing magical energy.
You passively map the area around you.
You sometimes lose the ability to drink potions when taking damage.
You sometimes lose the ability to read scrolls when taking damage.
You are somewhat unskilled. (-1 Apt)
You do not regenerate.
You tend to lose your temper in combat.
Your movements are slightly less encumbered by armour. (ER -2)


Message History

Unknown command.
You cannot read scrolls in your current state!
You hit the orc sorcerer.
The orc sorcerer is moderately wounded.
You hit the orc warrior but do no damage.
You hit the hellwing but do no damage. You hit the warg but do no damage.
You hit the orc warrior. You hit the warg but do no damage.
You hit the orc warrior but do no damage.
The warg stops glowing.
The hellwing hits you. The hellwing hits you!
The orc sorcerer hits you with a +0 dagger.
An orc comes into view. It is wielding a +0 mace.
The orc wizard begins to cast a spell, but is stunned by your conviction!
The orc warrior hits you with a +0 mace!
You focus your inner power and slow the orc warrior in retribution!
The orc warrior hits you with a +0 short sword!
The warg bites you but does no damage. The warg bites you!
* * * LOW HITPOINT WARNING * * *
Unknown command.
You hit the orc sorcerer.
The orc sorcerer is heavily wounded.
You hit the orc warrior. You hit the warg but do no damage.
You hit the orc warrior but do no damage.
You barely miss the warg. You hit the hellwing but do no damage.
You closely miss the orc warrior.
The orc warrior is no longer moving slowly.
The hellwing completely misses you.
The hellwing hits you but does no damage.
The warg barely misses you.
The orc warrior hits you with a +0 long sword!
* * * LOW HITPOINT WARNING * * *
The orc sorcerer hits you with a +0 dagger.
The warg barely misses you. You block the orc warrior's attack.
Unknown command.
You cannot read scrolls in your current state!
You slash the orc sorcerer!
The orc sorcerer is severely wounded.
You completely miss the orc warrior. You hit the warg. You hit the orc warrior.
You hit the warg but do no damage. You barely miss the hellwing.
You slash the orc warrior! You block the warg's attack. The warg bites you.
You die...

,,
,...##............
.........<......#
,
............ooo..,
, , ,
............o....,
,,
.................,
, ,
......$.[....#...*
, ,
,......)o[........
, , *
......oho......,.
, , ,,
......h@oo$...#. ,
, ......4)o.....#
, ,,, ,,
......[<[....#. ,
, , ,
,......)[....#..,,
, ,
,...............
,, ,
............... ,
, ,...............
, ,
..............., *
* #.##...........,
*


You could see a hellwing (summoned), 2 wargs, an orc sorcerer, 5 orc warriors,
an orc wizard and 3 orcs.

Vanquished Creatures
  Snorg (Orc:1)
  2 two-headed ogres (D:10)
  A centaur warrior (D:10)
  2 orc knights (Orc:1)
  4 orange demons (D:10)
  A gargoyle (D:10)
  2 red devils (D:10)
  2 trolls
  Sigmund (D:2)
  A wraith (D:10)
  8 yaks
  2 wyverns
  A steam dragon (D:6)
  2 swamp worms (D:8)
  2 acid dragons
  2 wargs
  2 water moccasins (D:7)
  14 orc warriors
  3 sky beasts
  3 black bears
  A swamp drake (D:10)
  3 ice beasts
  4 ogres
  3 centaurs
  3 phantoms
  2 kobold brigands
  2 bullfrogs
  A necrophage (D:5)
  4 scorpions
  12 wights
  5 killer bees
  4 hounds
  16 orc priests
  4 jellies
  3 gnoll shamans
  2 iguanas (D:5)
  Natasha (D:4)
  25 orc wizards
  A hell rat (Sewer)
  15 gnolls
  9 adders
  3 river rats (Sewer)
  3 shadow imps
  A worm (D:2)
  4 dart slugs
  65 orcs
  5 endoplasms
  4 giant cockroaches
  5 goblins
  5 hobgoblins
  21 kobolds
  4 quokkas
  4 ball pythons (D:1)
  2 bats (D:1)
  A frilled lizard (D:3)
  12 rats
315 creatures vanquished.

Vanquished Creatures (others)
  A yak (D:10)
  A warg (Orc:1)
  An orc warrior (Orc:1)
  An orc (D:6)
  2 fungi (D:3)
  5 plants
11 creatures vanquished.

Grand Total: 326 creatures vanquished

Notes
Turn   | Place    | Note
-------+----------+-------------------------------------------
     0 | D:1      | jt the Deep Dwarf Fighter began the quest for the Orb.
     0 | D:1      | Reached XP level 1. HP: 20/20 MP: 1/1
   284 | D:1      | Reached XP level 2. HP: 27/27 MP: 2/2
   529 | D:1      | Reached skill level 3 in Axes
   677 | D:2      | Noticed Sigmund
   795 | D:2      | Killed Sigmund
   796 | D:2      | Reached skill level 4 in Axes
   796 | D:2      | Reached skill level 5 in Shields
   796 | D:2      | Reached XP level 3. HP: 15/33 MP: 3/3
   796 | D:2      | Reached XP level 4. HP: 19/40 MP: 4/4
   796 | D:2      | Reached XP level 5. HP: 22/46 MP: 5/5
   821 | D:2      | Gained mutation: Your movements are slightly less
                  | encumbered by armour. (ER -2) [potion of mutation]
   821 | D:2      | Gained mutation: You tend to lose your temper in combat.
                  | [potion of mutation]
  1423 | D:3      | Found a glowing drain.
  1457 | Sewer    | Entered a sewer
  1525 | Sewer    | Reached skill level 5 in Axes
  1626 | D:3      | Reached XP level 6. HP: 30/55 MP: 6/6
  1663 | D:3      | Found a runed translucent gate.
  1664 | D:3      | Found a runed translucent gate.
  1665 | D:3      | Found a runed translucent gate.
  1665 | D:3      | Noticed Crownlay's ghost (weakling GrEE)
  1684 | D:3      | Reached skill level 1 in Throwing
  2283 | D:4      | Identified the ring of Seipoama {rPois Str+6 Int+5 Dex+4}
  2772 | D:4      | Noticed Natasha
  2778 | D:4      | Killed Natasha
  2819 | D:4      | Reached skill level 6 in Axes
  2819 | D:4      | Reached XP level 7. HP: 61/61 MP: 7/7
  3142 | D:5      | Entered Level 5 of the Dungeon
  3172 | D:5      | Reached skill level 7 in Axes
  3202 | D:5      | Reached skill level 8 in Axes
  3233 | D:5      | Reached XP level 8. HP: 51/68 MP: 8/8
  3343 | D:5      | Reached skill level 9 in Axes
  3651 | D:5      | Reached skill level 1 in Evocations
  3773 | D:5      | Reached skill level 10 in Axes
  4355 | D:6      | Reached skill level 5 in Evocations
  4584 | D:6      | Reached skill level 11 in Axes
  4584 | D:6      | Gained mutation: You passively map the area around you.
                  | [Deep Dwarf growth]
  4584 | D:6      | Reached XP level 9. HP: 26/74 MP: 8/8
  5185 | D:6      | Found a staircase to the Ecumenical Temple.
  5191 | Temple   | Entered the Ecumenical Temple
  5429 | Temple   | Became a worshipper of Ru the Awakened
  5717 | D:7      | Reached skill level 12 in Axes
  5875 | D:7      | Found a transporter.
  5878 | D:7      | Noticed kr3s1m1r's ghost (novice DjCj)
  5879 | D:7      | Noticed a moth of wrath
  5896 | D:7      | Found a transporter.
  6566 | D:7      | Gained mutation: You are somewhat unskilled. (-1 Apt) [Ru
                  | sacrifice]
  6566 | D:7      | Reduced skill Axes to level 11
  6566 | D:7      | Reduced skill Throwing to level 1
  6566 | D:7      | Reduced skill Shields to level 5
  6566 | D:7      | Reached * piety under Ru
  7005 | D:8      | Reached skill level 12 in Axes
  7253 | D:8      | Reached XP level 10. HP: 37/80 MP: 7/7
  7342 | D:8      | Reached skill level 13 in Axes
  7894 | D:9      | Found a stormy altar of Qazlal.
  7902 | D:9      | Reached skill level 14 in Axes
  8030 | D:10     | Entered Level 10 of the Dungeon
  8089 | D:10     | Found Xaexohof's Antique Weapon Shoppe.
  8126 | D:10     | Noticed a centaur warrior
  8126 | D:10     | Noticed a two-headed ogre
  8150 | D:10     | Noticed a two-headed ogre
  8182 | D:10     | Found Fatra's Assorted Antiques.
  8194 | D:10     | Bought a curved copper wand for 92 gold pieces
  8194 | D:10     | Bought a scroll labelled GUIRET CIOLIHY for 23 gold pieces
  8225 | D:10     | Noticed a gargoyle
  8248 | D:10     | Killed a gargoyle
  8249 | D:10     | Reached skill level 15 in Axes
  8342 | D:10     | Found Fuot's Book Boutique.
  8370 | D:10     | Gained mutation: You sometimes lose the ability to drink
                  | potions when taking damage. [Ru sacrifice]
  8370 | D:10     | Reached ** piety under Ru
  8449 | D:10     | Found Bakano's Magic Scroll Shoppe.
  8453 | D:10     | Bought a scroll of fear for 45 gold pieces
  8511 | D:10     | Noticed Sonja
  8513 | D:10     | Noticed Sonja
  8513 | D:10     | Sonja changed into Sonja the tengu
  8514 | D:10     | Noticed Sonja
  8514 | D:10     | Sonja the tengu changed into Sonja the acid dragon
  8524 | D:10     | Killed Sonja the acid dragon
  8557 | D:10     | Noticed an orange demon
  8562 | D:10     | Noticed an orange demon
  8582 | D:10     | Killed an orange demon
  8586 | D:10     | Killed an orange demon
  8587 | D:10     | Reached XP level 11. HP: 40/87 MP: 4/4
  8657 | D:10     | Killed a two-headed ogre
  8657 | D:10     | Killed a centaur warrior
  8844 | D:10     | Found Yxzov's Armour Shop.
  8992 | D:10     | Killed a two-headed ogre
  8993 | D:10     | Reached skill level 16 in Axes
  8993 | D:10     | Reached skill level 1 in Spellcasting
  9123 | D:10     | Found a staircase to the Orcish Mines.
  9182 | Orc:1    | Entered Level 1 of the Orcish Mines
  9182 | Orc:1    | Noticed an orc knight
  9197 | Orc:1    | Killed an orc knight
  9250 | Orc:1    | Found Exkeimeed's Book Shoppe.
  9270 | Orc:1    | Noticed an orc knight
  9290 | Orc:1    | Killed an orc knight
  9484 | Orc:1    | Noticed Snorg
  9498 | Orc:1    | Killed Snorg
  9508 | Orc:1    | Reached skill level 17 in Axes
  9699 | Orc:2    | Entered Level 2 of the Orcish Mines
  9784 | Orc:2    | Noticed Saint Roka
  9794 | Orc:1    | Gained mutation: You sometimes lose the ability to read
                  | scrolls when taking damage. [Ru sacrifice]
  9794 | Orc:1    | Reached *** piety under Ru
  9794 | Orc:1    | Reached **** piety under Ru
  9873 | Orc:2    | Noticed an orc sorcerer
  9881 | Orc:1    | Noticed Saint Roka
  9881 | Orc:1    | Saint Roka changed into Saint Roka the acid blob
  9906 | Orc:2    | Paralysed by an orc sorcerer for 3 turns
  9920 | Orc:2    | HP: 1/64 [orc warrior/+0 long sword[Saint Roka] (15)]
  9921 | Orc:2    | Slain by a warg

Illustrated notes

Levels and vault maps discovered:
D:1:      dpeg_arrival_central, layout_rooms, hex_tiny
D:2:      layout_basic, uniq_sigmund
D:3:      layout_rooms, gammafunk_ghost_nasty_kobolds, portal_sewer_entry_f
D:4:      layout_basic, uniq_natasha
D:5:      minmay_spotlight, layout_cave_pools, minmay_misc_feat_four_crosses,
          hangedman_minor_gate_pass
D:6:      layout_layer_cave, minmay_temple_entry_enclosed_plants,
          chequers_serial_rivers_micro_d
D:7:      layout_layer_cave, gammafunk_ghost_berserking_beasts
D:8:      layout_cave_pools, worms_lemuel
D:9:      layout_cross, mainiacjoe_overflow_six_doors_small
D:10:     layout_irregular_city, erik_orc_1, serial_shops, shop_coins,
          nicolae_stop_n_shop_1, shop_coins, shop, nicolae_shop_behind_doors,
          minmay_beelzebubs_servants, uniq_sonja
Temple:   mainiacjoe_temple_archimedes_tessellation
Orc:1:    layout_caves, serial_shops, nicolae_shop_stone, uniq_snorg
Orc:2:    grunt_orc_tribal_feast, layout_caves,
          portal_ice_cave_entry_animals_and_master, uniq_saint_roka

Skill      XL: |  1  2  3  4  5  6  7  8  9 10 11 |
---------------+----------------------------------+-----
Axes           | 4 5 6 8 11 12 15 17 | 17.3
Shields        | 5 6 5 |  5.4
Throwing       | 2 1 2 4 |  4.0
Evocations     | 5 4 |  4.5
Spellcasting   | 2 |  2.0
Fighting       | |  2.4
Armour         | |  3.0

Action                   |  1- 3 |  4- 6 |  7- 9 | 10-12 || total
-------------------------+-------+-------+-------+-------++-------
Melee: War axe           |    50 |   129 |   292 |   184 ||   655
       Broad axe         |       |       |       |   169 ||   169
 Fire: Hunting sling     |       |     5 |       |       ||     5
Throw: Boomerang         |     2 |    41 |    31 |     5 ||    79
       Dart              |       |     5 |    86 |    63 ||   154
Invok: Sacrifice Skill   |       |       |     1 |       ||     1
       Sacrifice Drink   |       |       |       |     1 ||     1
       Draw Out Power    |       |       |       |     5 ||     5
       Sacrifice Words   |       |       |       |     1 ||     1
 Abil: Heal Wounds       |     1 |     3 |    12 |    38 ||    54
Evoke: Wand              |       |       |     5 |    16 ||    21
  Use: Scroll            |     2 |     8 |     5 |    10 ||    25
       Potion            |     1 |     3 |     1 |     1 ||     6
 Stab: Confused          |       |       |       |     1 ||     1
       Invisible         |       |       |       |     1 ||     1
Armor: Plate armour      |    30 |    76 |    98 |   161 ||   365
       Scale mail        |     3 |       |       |       ||     3
Dodge: Dodged            |    12 |    42 |    84 |   137 ||   275
Block: Buckler           |    10 |    29 |   101 |   142 ||   282

Table legend: (Time is in decaauts)
 A = Elapsed time spent in this place.
 B = Non-inter-level travel time spent in this place.
 C = Inter-level travel time spent in this place.
 D = Time resting spent in this place.
 E = Time spent auto-exploring this place.
 F = Levels seen in this place.
 G = Mean time per level.
                   A        B        C        D        E       F      G
               +--------+--------+--------+--------+--------+-----+--------+
         Total |  10002 |   9608 |    394 |    266 |   5734 |  14 |  714.4 |
       Dungeon |   8895 |   8625 |    270 |    216 |   5271 |  10 |  889.5 |
        Temple |    261 |    215 |     46 |      0 |    196 |   1 |  261.0 |
  Orcish Mines |    715 |    637 |     78 |     50 |    248 |   2 |  357.5 |
         Sewer |    130 |    130 |      0 |      0 |     18 |   1 |  130.0 |
               +--------+--------+--------+--------+--------+-----+--------+

Top non-repeatable levels by time:
     D:6: 1352 daAuts
     D:7: 1193 daAuts
     D:4: 1167 daAuts
    D:10: 1115 daAuts
     D:5: 894 daAuts
     D:8: 784 daAuts
     D:1: 713 daAuts
   Orc:1: 671 daAuts
     D:2: 655 daAuts
     D:3: 631 daAuts
     D:9: 387 daAuts
  Temple: 261 daAuts
   Sewer: 130 daAuts
   Orc:2: 44 daAuts
